 Dungeon Crawl Stone Soup version 0.27-a0-1202-ge72e49191c (webtiles) character file.

Game seed: 6805870473644529158

454 robertstho the Bolt Thrower (level 7, -14/41 HPs)
             Began as a Tengu Hunter on June 3, 2021.
             Demolished by an ogre
             ... wielding a +0 giant club
              (25 damage)
             ... on level 4 of the Dungeon.
             The game lasted 00:07:49 (3658 turns).

robertstho the Bolt Thrower (Tengu Hunter)          Turns: 3658, Time: 00:07:49

Health: -14/41     AC:  8    Str: 13    XL:     7   Next: 5%
Magic:  8/8        EV:  9    Int: 11    God:
Gold:   31         SH:  9    Dex: 16    Spells: 6/6 levels left

rFire    x . .     SeeInvis .   h - +2 dagger (drain)
rCold    + . .     Faith    .   f - +2 kite shield
rNeg     . . .     Spirit   .   i - +3 ring mail
rPois    .         Reflect  .   (helmet restricted)
rElec    .         Harm     .   (no cloak)
rCorr    .         Rampage  .   (no gloves)
Will     .....                  (boots unavailable)
Stlth    +.........             (no amulet)
HPRegen  0.13/turn              n - ring of ice
MPRegen  0.11/turn              (no ring)

@: flying quickly and evasively, quick
A: beak, talons 3, nimble flight
a: no special abilities


You were on level 4 of the Dungeon.
You visited 1 branch of the dungeon, and saw 4 of its levels.
You also visited: Sewer.

You collected 86 gold pieces.
You spent 55 gold pieces at shops.

Inventory:

Hand Weapons
 a - a +1 hand crossbow
 b - a +0 short sword
 h - a +2 dagger of draining (weapon)
 p - a +0 long sword
Armour
 f - a +2 kite shield (worn)
 i - a +3 ring mail (worn)
Jewellery
 n - a ring of ice (left hand)
Wands
 o - a wand of polymorph (13)
Scrolls
 e - 2 scrolls of identify
 j - a scroll of immolation
 k - 4 scrolls of teleportation
 l - 2 scrolls of blinking
 m - 2 scrolls of enchant armour
 q - 2 scrolls of fear {unknown}
Potions
 c - 2 potions of resistance
 g - 4 potions of curing
 r - 3 potions of magic {unknown}
 s - 2 potions of might {unknown}


   Skills:
 * Level 3.5 Fighting
 + Level 1.4 Short Blades
 * Level 7.3 Crossbows
 * Level 2.7 Armour
 + Level 2.4 Dodging
 + Level 1.0 Stealth
 + Level 0.3 Unarmed Combat


You had 6 spell levels left.
You didn't know any spells.
Your spell library was empty.

Dungeon Overview and Level Annotations

Branches:
Dungeon (4/15)              Sewer (visited)
 Temple: D:4-7

Altars:
Uskayaw

Shops:
D:3 *   D:4 [


Innate Abilities, Weirdness & Mutations

You have a beak for a mouth.
You have claws for feet.
Your magical nature lets you fly swiftly and evasively.


Message History

You reach down and open the door.
Found Celienei's Armour Shoppe.
There is an open door here.
You now have 31 gold pieces (gained 7).
There is an entrance to Celienei's Armour Shoppe here.
An ufetubus comes into view.
An ufetubus is nearby!
An ufetubus is nearby!
An ufetubus is nearby!
You shoot a bolt. The bolt closely misses the ufetubus.
The ufetubus shouts!
An ogre comes into view. It is wielding a +0 giant club.
You shoot a bolt. The bolt closely misses the ufetubus.
The ogre shouts!
You shoot a bolt. The bolt hits the ufetubus!
You kill the ufetubus!
You shoot a bolt. The bolt hits the ogre.
The ogre is lightly wounded.
You shoot a bolt. The bolt hits the ogre.
The ogre is lightly wounded.
You sense an unholy aura.
h - a +2 dagger of draining (weapon)
You hit the ogre. You peck the ogre.
The ogre is moderately wounded.
The ogre closely misses you.
You hit the ogre. You drain the ogre. You claw the ogre.
The ogre is heavily wounded.
The ogre hits you with a +0 giant club!
You hit the ogre. You peck the ogre.
The ogre is severely wounded.
The ogre barely misses you.
You hit the ogre.
The ogre is almost dead.
The ogre hits you with a +0 giant club!!
Ouch! That really hurt!
* * * LOW HITPOINT WARNING * * *
You feel better.
The ogre hits you with a +0 giant club!!
Ouch! That really hurt!
You die...

#......<..# #.#
#..(......####.##
#.............(..
#................
#.(.......#####..
#(....)...# ##.
#.........# #..
#########O........# #..
#.......@.###+##+## #..
#.........# #.##.# #..
#.....∩...# #.##.# #..
#.........# #.##.# ###
#.........###.##'########
#.........'......[).....'
#.........####.....######
#######+### #.....# #
####### #


You could see an ogre (drained).

Vanquished Creatures
  3 kobold brigands (Sewer)
  A water moccasin zombie (D:3)
  7 adders
  2 river rats
  An ufetubus (D:4)
  7 worms
  A dart slug (D:1)
  9 ball pythons
  6 bats
  5 endoplasms
  A giant cockroach (D:3)
  18 goblins
  4 hobgoblins
  2 jackals (D:3)
  A quokka (D:2)
  9 frilled lizards
  12 kobolds
  10 rats
99 creatures vanquished.

Notes
Turn   | Place    | Note
-------+----------+-------------------------------------------
     0 | D:1      | robertstho the Tengu Hunter began the quest for the Orb.
     0 | D:1      | Reached XP level 1. HP: 12/12 MP: 2/2
   186 | D:1      | Found a faded altar of an unknown god.
   189 | D:1      | Reached XP level 2. HP: 17/17 MP: 3/3
   309 | D:1      | Reached skill level 5 in Crossbows
   884 | D:2      | Reached XP level 3. HP: 20/20 MP: 4/4
   884 | D:2      | Found a hide-covered altar of Uskayaw.
  1226 | D:2      | Noticed Robin
  1645 | D:2      | Noticed Robin
  1645 | D:2      | Robin changed into Robin the kobold
  1651 | D:2      | Killed Robin the kobold
  1755 | D:2      | Reached XP level 4. HP: 27/27 MP: 5/5
  2038 | D:3      | Reached skill level 6 in Crossbows
  2099 | D:3      | Found Joqiso's General Store.
  2108 | D:3      | Bought a potion of heal wounds for 55 gold pieces
  2149 | D:3      | Reached skill level 1 in Armour
  2149 | D:3      | Gained mutation: Your magical nature lets you fly swiftly
                  | and evasively. [Tengu growth]
  2149 | D:3      | Reached XP level 5. HP: 18/31 MP: 6/6
  2299 | D:3      | Found a hide-covered altar of Uskayaw.
  2471 | D:3      | Found a glowing drain.
  2475 | Sewer    | Entered a sewer
  2673 | Sewer    | Noticed a kobold brigand
  2688 | Sewer    | Killed a kobold brigand
  2689 | Sewer    | Reached skill level 7 in Crossbows
  2689 | Sewer    | Reached XP level 6. HP: 34/37 MP: 7/7
  3068 | Sewer    | Reached skill level 1 in Short Blades
  3068 | Sewer    | Reached XP level 7. HP: 28/41 MP: 8/8
  3635 | D:4      | Found Celienei's Armour Shoppe.
  3657 | D:4      | HP: 1/41 [ogre/+0 giant club (25)]
  3658 | D:4      | Demolished by an ogre

Illustrated notes

Levels and vault maps discovered:
D:1:      minmay_arrival_split_and_join, layout_rooms, basic_ecumenical_altar,
          chequers_decorated_corner
D:2:      layout_basic, basic_altar, minmay_vboxes, uniq_robin
D:3:      layout_loops_ring, nicolae_uskayaw_murder_on_the_dancefloor,
          gup_sewer_entry_spiral, serial_shops,
          nicolae_shop_temple_entry_statues_fountains
D:4:      layout_basic, serial_shops, shop, uniq_natasha, uniq_ijyb,
          uniq_menkaure

Skill      XL: |  1  2  3  4  5  6 |
---------------+-------------------+-----
Crossbows      | 5 6 7 |  7.3
Armour         | 1 2 |  2.7
Fighting       | 3 |  3.5
Short Blades   | 1 |  1.4
Dodging        | |  2.4
Stealth        | |  1.0
Unarmed Combat | |  0.3

Action                   |  1- 3 |  4- 6 |  7- 9 || total
-------------------------+-------+-------+-------++-------
Melee: Unarmed           |     5 |       |       ||     5
       Dagger            |       |   118 |     5 ||   123
       Kick              |       |    27 |     1 ||    28
       Peck              |       |    19 |     3 ||    22
 Fire: Hand crossbow     |    75 |    50 |     9 ||   134
Evoke: Wand              |     1 |       |       ||     1
  Use: Scroll            |     5 |       |       ||     5
       Potion            |     3 |     1 |     1 ||     5
Armor: Leather armour    |     1 |       |       ||     1
       Ring mail         |    13 |    26 |       ||    39
Dodge: Dodged            |    18 |    72 |     2 ||    92

Table legend: (Time is in decaauts)
 A = Elapsed time spent in this place.
 B = Non-inter-level travel time spent in this place.
 C = Inter-level travel time spent in this place.
 D = Time resting spent in this place.
 E = Time spent auto-exploring this place.
 F = Levels seen in this place.
 G = Mean time per level.
                   A        B        C        D        E       F      G
               +--------+--------+--------+--------+--------+-----+--------+
         Total |   3600 |   3445 |    155 |    275 |   2498 |   5 |  720.0 |
       Dungeon |   2907 |   2752 |    155 |    275 |   1968 |   4 |  726.8 |
         Sewer |    693 |    693 |      0 |      0 |    530 |   1 |  693.0 |
               +--------+--------+--------+--------+--------+-----+--------+

Top non-repeatable levels by time:
     D:2: 1105 daAuts
     D:1: 882 daAuts
     D:3: 831 daAuts
   Sewer: 693 daAuts
     D:4: 88 daAuts
